 Dungeon Crawl Stone Soup version 0.22.0-49-gab54619674 (webtiles) character file.

259537 Peloso the Hoplite (level 19, -10/182 HPs)
             Began as a Minotaur Fighter on Sept 8, 2018.
             Was the Champion of Okawaru.
             Mangled by an iron troll simulacrum (18 damage)
             ... in an ice cave.
             The game lasted 02:24:13 (40564 turns).

Peloso the Hoplite (Minotaur Fighter)              Turns: 40564, Time: 02:24:14

Health: -10/182    AC: 34    Str: 31    XL:     19   Next: 15%
Magic:  17/17      EV: 10    Int:  5    God:    Okawaru [******]
Gold:   3293       SH: 19    Dex: 21    Spells: 18/18 levels left

rFire    . . .     SeeInvis .   a - +9 double sword (protect)
rCold    + . .     Gourm    .   c - +1 shield
rNeg     . . .     Faith    +   i - +0 crystal plate armour
rPois    .         Spirit   .   h - +1 hat {MR+}
rElec    .         Reflect  .   U - +1 cloak {MR+}
rCorr    .         Harm     .   R - +0 pair of gloves
MR       +++..                  s - +2 pair of boots of Bothiecw {Str+5 Dex+2 Slay+3}
Stlth    ..........             x - amulet of faith
HPRegen  0.40/turn              I - ring of protection from cold
MPRegen  0.15/turn              W - +6 ring of dexterity

@: protection aura
A: retaliatory headbutt, horns 2, deformed body, low mp 1
}: 2/15 runes: decaying, gossamer
a: Heroism, Finesse, Renounce Religion


You were in an ice cave.
You worshipped Okawaru.
Okawaru was exalted by your worship.
You were hungry.

You visited 7 branches of the dungeon, and saw 34 of its levels.
You visited the Abyss 1 time.
You also visited: Labyrinth, Ossuary and Ice Cave.

You collected 4133 gold pieces.
You spent 840 gold pieces at shops.

Inventory:

Hand Weapons
 a - a +9 double sword of protection (weapon)
 b - the +7 long sword "Eqatuneh" {speed, rElec}
   (You found it on level 5 of the Lair of Beasts)

   Attacks with this weapon are significantly faster.
   It insulates you from electricity.
 q - a +4 scimitar of flaming
Armour
 c - a +1 shield (worn)
 h - a +1 hat of magic resistance (worn)
 i - a +0 crystal plate armour (worn)
 s - the +2 pair of boots of Bothiecw (worn) {Str+5 Dex+2 Slay+3}
   (Okawaru gifted it to you on level 11 of the Dungeon)

   It affects your strength (+5).
   It affects your dexterity (+2).
   It affects your accuracy and damage with ranged weapons and melee attacks
   (+3).
 t - a +1 cloak of invisibility
 E - a +2 cloak of poison resistance
 R - a +0 pair of gloves (worn)
 U - a +1 cloak of magic resistance (worn)
Jewellery
 l - a +3 ring of protection
 x - an amulet of faith (around neck)
 y - an uncursed ring of protection from fire
 z - an uncursed ring of resist corrosion
 I - a ring of protection from cold (left hand)
 K - an uncursed ring of see invisible
 N - an uncursed ring of flight
 W - a +6 ring of dexterity (right hand)
Wands
 p - a wand of iceblast (11)
 L - a wand of digging (32)
Scrolls
 k - 6 scrolls of fear
 m - 4 scrolls of remove curse
 n - a scroll of summoning
 o - 2 scrolls of noise
 v - 2 scrolls of fog
 w - 14 scrolls of teleportation
 A - a scroll of holy word
 B - 5 scrolls of blinking
 D - a scroll of identify
 G - 3 scrolls of magic mapping
Potions
 d - 2 potions of might
 e - 7 potions of haste
 g - 4 potions of flight
 r - 5 potions of heal wounds
 u - 9 potions of curing
 C - 7 potions of agility
 O - 3 potions of resistance
 P - 4 potions of berserk rage
Miscellaneous
 j - a crystal ball of energy
Comestibles
 f - 59 rations


   Skills:
 + Level 19.0 Fighting
 + Level 20.6 Long Blades
   Level 2.2 Crossbows
 + Level 17.4 Armour
 + Level 3.9 Dodging
 + Level 1.1 Stealth
 + Level 21.7 Shields
 + Level 1.5 Invocations
 + Level 1.6 Evocations


You had 18 spell levels left.
You didn't know any spells.
Your spell library contained the following spells:

 Spells                   Type           Power        Failure   Level  Hunger
 Beastly Appendage        Tmut           #.....       99%         1    ##.....
 Confusing Touch          Hex            #.....       99%         1    ##.....
 Freeze                   Ice            #...         99%         1    ##.....
 Infusion                 Chrm           #...         99%         1    ##.....
 Magic Dart               Conj           #...         99%         1    ##.....
 Searing Ray              Conj           #.....       100%        2    ###....
 Shroud of Golubria       Chrm/Tloc      #.........   100%        2    ###....
 Sticks to Snakes         Tmut           #.......     100%        2    ###....
 Swiftness                Chrm/Air       #.......     100%        2    ###....
 Throw Frost              Conj/Ice       #.....       100%        2    ###....
 Confuse                  Hex            #.......     100%        3    ####...
 Dazzling Spray           Conj/Hex       #.....       100%        3    ####...
 Gell's Gravitas          Tloc           #.........   100%        3    ####...
 Ozocubu's Armour         Chrm/Ice       #.......     100%        3    ####...
 Portal Projectile        Hex/Tloc       #.....       100%        3    ####...
 Regeneration             Chrm/Necr      #.........   100%        3    ####...
 Spider Form              Tmut/Pois      #.........   100%        3    ####...
 Force Lance              Conj/Tloc      #.......     100%        4    #####..
 Fulminant Prism          Conj/Hex       #.........   100%        4    #####..
 Ice Form                 Ice/Tmut       #.......     100%        4    #####..
 Iskenderun's Mystic Bla  Conj           #.......     100%        4    #####..
 Petrify                  Tmut/Erth      #.......     100%        4    #####..
 Summon Ice Beast         Ice/Summ       #.......     100%        4    #####..
 Throw Icicle             Conj/Ice       #.......     100%        4    #####..
 Blade Hands              Tmut           #.........   100%        5    ######.
 Excruciating Wounds      Chrm/Necr      #.........   100%        5    ######.
 Metabolic Englaciation   Hex/Ice        #.........   100%        5    ######.
 Yara's Violent Unravell  Hex/Tmut       #.........   100%        5    ######.
 Deflect Missiles         Chrm/Air       #.........   100%        6    #######
 Dispersal                Tloc           #.........   100%        6    #######
 Haunt                    Necr/Summ      #.........   100%        7    #######
 Borgnjor's Revivificati  Necr           #.........   100%        8    #######
 Controlled Blink         Tloc           N/A          100%        8    #######
 Death's Door             Chrm/Necr      #.........   100%        8    #######
 Disjunction              Tloc           #.........   100%        8    #######
 Infestation              Necr           #.........   100%        8    #######
 Necromutation            Tmut/Necr      #.........   100%        8    #######


Dungeon Overview and Level Annotations

Branches:
Dungeon (15/15)            Temple (1/1) D:6            Lair (6/6) D:9
  Swamp (4/4) Lair:4       Spider (4/4) Lair:4        Slime (0/5) Lair:6
    Orc (2/2) D:9             Elf (2/3) Orc:2        Vaults (0/5) D:13
 Depths (0/5) D:15

Altars:
Ashenzari
Cheibriados
Dithmenos
Elyvilon
Fedhas
Gozag
Hepliaklqana
Kikubaaqudgha
Makhleb
Nemelex Xobeh
Okawaru
Qazlal
Ru
Sif Muna
Trog
Uskayaw
Vehumet
Wu Jian
Xom
Yredelemnul
Zin
The Shining One

Shops:
D:12 *   Orc:2 ([=*?   Elf:1 (

Portals:
Hell: Lair:6

Annotations:
D:8 3 runed doors, loom's ghost, novice DrTm IceCv exclusion: ice statue


Innate Abilities, Weirdness & Mutations

You reflexively headbutt those who attack you in melee.
You have a pair of horns on your head.
Armour fits poorly on your strangely shaped body.
Your magical capacity is low. (-10% MP)


Message History

Unknown command.
You hit the iron troll simulacrum but do no damage.
The iron troll simulacrum is lightly damaged.
The dire elephant simulacrum tramples you!
* * * LOW HITPOINT WARNING * * *
The dire elephant simulacrum freezes you!
You resist.
* * * LOW HITPOINT WARNING * * *
You block the dire elephant simulacrum's attack.
You cut the iron troll simulacrum into ribbons!!!
The iron troll simulacrum is almost destroyed.
The iron troll simulacrum bites you!
* * * LOW HITPOINT WARNING * * *
The iron troll simulacrum freezes you! You resist.
* * * LOW HITPOINT WARNING * * *
The iron troll simulacrum claws you but does no damage.
The iron troll simulacrum claws you.
* * * LOW HITPOINT WARNING * * *
The iron troll simulacrum freezes you!! You resist.
You die...

####### ####### ...
#.....## ##.....# ....
#(.....###......#
.....#.......#.......#
.Z...#.......#.......#
Z................∩..∩.#
......#.......#.......#
......#.Z.....#.......#
....Z #(@Z...###......#
#8... #)%)..## ##.....#
#### ####### #######


You could see a dire elephant simulacrum and an iron troll simulacrum.

Vanquished Creatures
  Rupert (D:13)
  Gastronok (Lair:3)
  Frances (D:13)
  Agnes (Spider:2)
  3 thorn hunters
  2 orc warlords (Orc:1)
  A ghost moth (Spider:4)
  6 emperor scorpions
  A stone giant (Orc:1)
  5 entropy weavers
  A very ugly thing (IceCv)
  Nessos (Lair:6)
  A minotaur (Lab)
  An ettin (Orc:1)
  Josephine (D:11)
  3 spark wasps (Spider:4)
  3 fire dragons
  Fannar (D:10)
  A deep elf high priest (Elf:1)
  Erolcha (D:13)
  27 hydras
  5 centaur warriors
  Erica (D:11)
  2 ghost crabs (Swamp:4)
  An ogre mage (D:13)
  14 alligators
  A queen ant (Spider:4)
  9 dancing weapons
  2 tengu warriors (D:14)
  5 two-headed ogres
  11 death yaks
  8 death scarabs (Spider:4)
  8 orc high priests
  Sonja (Lair:4)
  4 deep elf knights (Elf:1)
  Nergalle (D:11)
  4 skeletal warriors (D:15)
  A spectral emperor scorpion (Spider:4)
  A sixfirhy (Lair:6)
  11 swamp dragons
  5 unseen horrors
  3 spriggan druids (Swamp:4)
  8 deep elf archers
  6 shambling mangroves
  A spectral wolf spider (Spider:4)
  An orange crystal statue (Elf:1)
  2 wizards
  A lindwurm (Lair:4)
  A large abomination (Abyss:3)
  5 orc knights
  28 deep elf magi
  11 orb spiders
  6 orc sorcerers
  7 oklob plants
  25 wolf spiders
  4 wolf spider zombies (Spider:4)
  5 cyclopes
  A manticore (D:13)
  Joseph (D:7)
  3 moths of wrath
  19 ugly things
  14 elephants
  4 black mambas
  A torpor snail (shapeshifter) (D:15)
  A torpor snail (Lair:5)
  A gargoyle (D:13)
  20 spiny frogs
  2 spectral redbacks (Spider:4)
  3 orange demons (Lair:6)
  2 rime drakes (Lair:6)
  2 redback zombies (Spider:4)
  8 komodo dragons
  5 yaktaurs
  8 demonic crawlers
  6 kobold demonologists
  A hellwing (Lair:6)
  An ice devil (Lair:6)
  2 efreet
  2 red devils (Lair:6)
  11 trolls
  3 polar bears
  3 meliai (D:15)
  A queen bee (D:15)
  21 hornets
  41 jumping spiders
  9 tyrant leeches
  Grinder (D:6)
  3 spectral tarantellas (Spider:4)
  6 bog bodies
  16 slime creatures
  9 blink frogs
  13 hippogriffs
  2 spectral jumping spiders (Spider:4)
  A tarantella zombie (Spider:4)
  A jumping spider zombie (Spider:4)
  26 tarantellas
  43 redbacks
  4 spriggans
  2 shadows
  3 wyverns
  Sigmund (D:6)
  2 air elementals
  3 hogs (D:9)
  A human (D:9)
  A vampire (D:15)
  3 water elementals
  68 yaks
  4 wraiths
  4 fire elementals
  5 basilisks
  9 hungry ghosts
  17 vampire mosquitoes
  18 swamp worms
  8 soldier ants (Spider:4)
  4 wargs
  10 insubstantial wisps
  2 acid dragons
  11 water moccasins
  3 hell hounds (Lair:6)
  16 swamp drakes
  2 hydra simulacra (IceCv)
  3 porcupines
  40 orc warriors
  2 spectral hornets (Spider:4)
  8 ice beasts
  5 sky beasts
  2 black bears
  3 phantoms
  An eye of draining (D:15)
  A necrophage (D:11)
  The ghost of xpt754 the Ducker, an amateur HuMo (D:3)
  14 ogres
  12 centaurs
  13 crocodiles
  9 big kobolds
  19 bullfrogs
  A wyvern zombie (D:7)
  2 earth elementals (Elf:2)
  4 wyvern skeletons
  A water moccasin zombie (D:9)
  3 scorpions
  16 killer bees (D:15)
  9 wights
  14 electric eels
  8 crimson imps
  4 bullfrog zombies
  8 centaur zombies
  2 quasits (D:13)
  12 orc priests
  6 hounds
  3 jellies
  26 orc wizards
  5 centaur skeletons
  5 iguanas
  36 worker ants
  A hell rat (Lair:6)
  A killer bee zombie (Ossuary)
  4 hound zombies
  A human simulacrum (D:9)
  A hound skeleton (D:4)
  13 mummies (Ossuary)
  5 worker ant zombies (Ossuary)
  15 adders
  A shadow imp (D:5)
  2 oozes (D:2)
  An adder zombie (Ossuary)
  3 worms
  A dart slug (D:3)
  5 leopard geckos
  62 orcs
  5 giant cockroaches
  9 goblins
  11 hobgoblins
  10 jackals
  21 kobolds
  7 quokkas
  3 ball pythons
  6 bats
  10 frilled lizards
  A jackal zombie (Ossuary)
  A leopard gecko zombie (Ossuary)
  4 quokka zombies (Ossuary)
  7 rats
  2 briar patches
  3 fungi
  10 plants
  2 withered plants (Ossuary)
1316 creatures vanquished.

Vanquished Creatures (others)
  A spriggan druid (Swamp:4)
  A spiny frog (Lair:6)
  A swamp worm (Swamp:4)
  3 insubstantial wisps (Swamp:4)
  A worker ant (D:11)
  A human simulacrum (D:9)
  2 orcs
  9 fungi
  A plant (D:7)
  A withered plant (Ossuary)
21 creatures vanquished.

Grand Total: 1337 creatures vanquished

Notes
Turn   | Place    | Note
-------+----------+-------------------------------------------
     0 | D:1      | Peloso the Minotaur Fighter began the quest for the Orb.
     0 | D:1      | Reached XP level 1. HP: 19/19 MP: 0/0
    67 | D:1      | Reached XP level 2. HP: 21/27 MP: 1/1
   335 | D:1      | Reached skill level 4 in Shields
   437 | D:2      | Reached XP level 3. HP: 30/33 MP: 2/2
   720 | D:2      | Reached XP level 4. HP: 22/40 MP: 3/3
   722 | D:2      | Reached skill level 1 in Dodging
   938 | D:2      | Found a blossoming altar of Fedhas.
   941 | D:2      | Found an ancient bone altar of Kikubaaqudgha.
  1205 | D:3      | Reached XP level 5. HP: 47/47 MP: 4/4
  1669 | D:3      | Found an iron altar of Okawaru.
  1675 | D:3      | Reached skill level 5 in Shields
  1675 | D:3      | Reached XP level 6. HP: 50/53 MP: 5/5
  1688 | D:3      | Became a worshipper of Warmaster Okawaru
  1694 | D:3      | Found a shattered altar of Ashenzari.
  1695 | D:3      | Found a hazy altar of Hepliaklqana.
  1892 | D:3      | Found a large runed door.
  1892 | D:3      | Found a large runed door.
  1893 | D:3      | Noticed xpt754's ghost (amateur HuMo)
  1927 | D:3      | Killed xpt754's ghost
  1927 | D:3      | Reached skill level 5 in Long Blades
  2313 | D:4      | Reached skill level 5 in Armour
  2317 | D:4      | Reached skill level 5 in Fighting
  2323 | D:4      | Reached XP level 7. HP: 31/61 MP: 6/6
  2324 | D:4      | Reached * piety under Okawaru
  2852 | D:5      | Entered Level 5 of the Dungeon
  3005 | D:5      | Found a snail-covered altar of Cheibriados.
  3093 | D:5      | Found a sand-covered staircase.
  3137 | Ossuary  | Entered an ossuary
  3173 | Ossuary  | Reached skill level 6 in Shields
  3412 | Ossuary  | Reached XP level 8. HP: 69/69 MP: 7/7
  3456 | Ossuary  | Reached ** piety under Okawaru
  4617 | D:6      | Found a staircase to the Ecumenical Temple.
  4673 | D:6      | Reached skill level 7 in Shields
  4691 | Temple   | Entered the Ecumenical Temple
  5046 | D:6      | Noticed Grinder
  5061 | D:6      | Paralysed by Grinder for 3 turns
  5069 | D:6      | Killed Grinder
  5157 | D:6      | Noticed Sigmund
  5166 | D:6      | Killed Sigmund
  5166 | D:6      | Reached *** piety under Okawaru
  5166 | D:6      | Reached XP level 9. HP: 69/77 MP: 8/8
  5171 | D:6      | Found a transporter.
  5175 | D:6      | Found a transporter.
  5588 | D:6      | Found a shadowy altar of Dithmenos.
  5816 | D:7      | Reached skill level 10 in Long Blades
  6849 | D:7      | Noticed Joseph
  6868 | D:7      | Killed Joseph
  6868 | D:7      | Reached skill level 8 in Shields
  6882 | D:7      | Found a stormy altar of Qazlal.
  7117 | D:8      | Found a runed gate.
  7117 | D:8      | Found a runed gate.
  7119 | D:8      | Found a runed gate.
  7125 | D:8      | Noticed loom's ghost (novice DrTm)
  7169 | D:8      | Reached **** piety under Okawaru
  7477 | D:8      | Reached XP level 10. HP: 88/88 MP: 9/9
  8084 | D:9      | Found a staircase to the Orcish Mines.
  8359 | D:9      | Found a shimmering altar of Xom.
  8360 | D:9      | Found a burning altar of Makhleb.
  8635 | D:9      | Found a staircase to the Lair.
  8698 | D:9      | Reached ***** piety under Okawaru
  8858 | D:10     | Entered Level 10 of the Dungeon
  8931 | D:10     | Reached skill level 9 in Shields
  9074 | D:10     | Received a gift from Okawaru
  9086 | D:10     | Received a gift from Okawaru
  9399 | D:10     | You fall through a shaft for 3 floors!
  9399 | D:13     | Noticed Erolcha
  9409 | D:13     | Killed Erolcha
  9409 | D:13     | Reached XP level 11. HP: 92/97 MP: 8/10
  9420 | D:12     | Noticed a two-headed ogre
  9433 | D:12     | Killed a two-headed ogre
  9433 | D:12     | Reached skill level 10 in Shields
  9479 | D:12     | Found Maxkus's Elemental Accessories.
  9511 | D:12     | Found a labyrinth entrance.
  9517 | Lab      | Entered a labyrinth
 10154 | Lab      | Noticed a minotaur
 10166 | Lab      | HP: 1/99 [minotaur/glaive of protection (12)]
 10169 | Lab      | Killed a minotaur
 10169 | Lab      | Reached skill level 10 in Fighting
 10169 | Lab      | Reached skill level 10 in Armour
 10180 | Lab      | Identified Vimuodegg's Disquisition on Augmentations
 10480 | D:12     | Noticed a two-headed ogre
 10488 | D:12     | Killed a two-headed ogre
 10488 | D:12     | Received a gift from Okawaru
 10545 | D:12     | Noticed a two-headed ogre
 10559 | D:12     | Killed a two-headed ogre
 10740 | D:12     | Noticed a cyan ugly thing
 10749 | D:12     | Killed a cyan ugly thing
 11103 | D:11     | Received a gift from Okawaru
 11105 | D:11     | Noticed a soul eater
 11121 | D:11     | Reached ****** piety under Okawaru
 11146 | D:11     | Got a pair of faintly humming boots {god gift}
 11153 | D:11     | Identified the +2 pair of boots of Bothiecw {Str+5 Dex+2
                  | Slay+3} (Okawaru gifted it to you on level 11 of the
                  | Dungeon)
 11494 | D:11     | Noticed Nergalle
 11504 | D:11     | Killed Nergalle
 11504 | D:11     | Reached skill level 11 in Shields
 11669 | D:11     | Reached XP level 12. HP: 108/108 MP: 11/11
 11674 | D:11     | Noticed Josephine
 11699 | D:11     | Killed Josephine
 12226 | D:11     | Noticed Erica
 12239 | D:11     | Killed Erica
 12448 | D:11     | Found a stormy altar of Qazlal.
 13050 | D:10     | Got a fine hand crossbow
 13051 | D:10     | Identified the +7 hand crossbow of Vutzioryiw {speed, rF+}
                  | (You found it on level 10 of the Dungeon)
 13096 | D:10     | Noticed Fannar
 13115 | D:10     | Killed Fannar
 13115 | D:10     | Reached skill level 15 in Long Blades
 13115 | D:10     | Reached skill level 1 in Evocations
 13773 | Lair:1   | Entered Level 1 of the Lair of Beasts
 13786 | Lair:1   | Received a gift from Okawaru
 14120 | Lair:1   | Received a gift from Okawaru
 14123 | Lair:1   | Got a pair of steaming boots {god gift}
 14134 | Lair:1   | Identified the +0 pair of boots of the True Pharaoh {MP+9}
                  | (Okawaru gifted it to you on level 1 of the Lair of Beasts)
 14845 | Lair:2   | Noticed a seven-headed hydra
 14852 | Lair:2   | Killed a five-headed hydra
 14889 | Lair:2   | Noticed a six-headed hydra
 14899 | Lair:2   | Killed a one-headed hydra
 14899 | Lair:2   | Reached skill level 12 in Shields
 14899 | Lair:2   | Reached XP level 13. HP: 117/119 MP: 12/12
 14940 | Lair:2   | Noticed a fire dragon
 14943 | Lair:2   | Found the cursed +14 obsidian axe {chop, +Fly SInv *Curse}
 14959 | Lair:2   | Killed a fire dragon
 15693 | Lair:3   | Noticed Gastronok
 15701 | Lair:3   | Killed Gastronok
 15701 | Lair:3   | Reached skill level 1 in Stealth
 16313 | Lair:4   | Received a gift from Okawaru
 16501 | Lair:4   | Found a staircase to the Swamp.
 16878 | Lair:4   | Noticed Sonja
 16932 | Lair:4   | Killed Sonja
 16943 | Lair:4   | Reached skill level 13 in Shields
 16948 | Lair:4   | Received a gift from Okawaru
 17281 | Lair:4   | Identified a +0 pair of boots of running (Okawaru gifted it
                  | to you on level 4 of the Lair of Beasts)
 17311 | Lair:4   | Reached skill level 1 in Crossbows
 17609 | Lair:4   | Found a hole to the Spider Nest.
 17899 | Lair:5   | Found a runed door.
 17922 | Lair:5   | Got a translucent long sword
 17923 | Lair:5   | Identified the +7 long sword "Eqatuneh" {speed, rElec} (You
                  | found it on level 5 of the Lair of Beasts)
 18825 | Lair:5   | Reached skill level 1 in Invocations
 18825 | Lair:5   | Reached XP level 14. HP: 126/129 MP: 12/14
 18871 | Lair:6   | Entered Level 6 of the Lair of Beasts
 18960 | Lair:6   | Reached skill level 14 in Shields
 19065 | Lair:6   | Received a gift from Okawaru
 19348 | Lair:6   | Noticed Nessos
 19398 | Lair:6   | Killed Nessos
 20052 | Lair:6   | Received a gift from Okawaru
 20117 | Lair:6   | Found a burning altar of Makhleb.
 20118 | Lair:6   | Cast into level 3 of the Abyss (a wizard)
 20121 | Abyss:3  | Found a corrupted altar of Lugonu.
 20156 | Lair:6   | Escaped the Abyss
 20223 | Lair:6   | Found a gateway to Hell.
 20476 | Lair:6   | Reached skill level 15 in Shields
 20830 | Lair:6   | Found a staircase to the Slime Pits.
 21478 | Orc:1    | Entered Level 1 of the Orcish Mines
 21479 | Orc:1    | Noticed a stone giant
 21493 | Orc:1    | Killed a stone giant
 21575 | Orc:2    | Entered Level 2 of the Orcish Mines
 21602 | Orc:2    | Reached XP level 15. HP: 99/139 MP: 15/15
 21764 | Orc:2    | Found Eco Dyur's Jewellery Shoppe.
 21809 | Orc:2    | Noticed an orc warlord
 21843 | Orc:1    | Noticed an orc warlord
 21897 | Orc:1    | Killed an orc warlord
 21897 | Orc:1    | Received a gift from Okawaru
 21913 | Orc:1    | HP: 1/139 [orc warrior/halberd[an orc warlord] (18)]
 22585 | Orc:2    | Gained mutation: Your magical capacity is low. (-10% MP) [a
                  | neqoxec]
 22606 | Orc:1    | Killed an orc warlord
 22606 | Orc:1    | Reached skill level 15 in Fighting
 22966 | Orc:2    | Found Kunlatoto's Antique Armour Boutique.
 23020 | Orc:2    | Found a staircase to the Elven Halls.
 23024 | Orc:2    | Found Quryez's Antique Weapon Shoppe.
 23145 | Orc:2    | Found Caycoone's General Store.
 23150 | Orc:2    | Gained mutation: Armour fits poorly on your strangely
                  | shaped body. [a neqoxec]
 23155 | Orc:2    | Reached skill level 16 in Shields
 23185 | Orc:2    | Bought 2 scrolls of enchant weapon for 210 gold pieces
 23209 | Orc:2    | Found Dekyenu's Magic Scroll Boutique.
 23220 | Orc:2    | Bought a scroll of enchant weapon for 105 gold pieces
 23442 | Orc:2    | Bought a scroll of enchant armour for 105 gold pieces
 23442 | Orc:2    | Bought a scroll of enchant armour for 105 gold pieces
 23442 | Orc:2    | Bought a scroll of enchant armour for 105 gold pieces
 23442 | Orc:2    | Bought a scroll of enchant weapon for 105 gold pieces
 23442 | Orc:2    | Bought a scroll of blinking for 105 gold pieces
 24457 | D:13     | Found a gate to the Vaults.
 24529 | D:13     | Received a gift from Okawaru
 24728 | D:13     | Noticed Frances
 24728 | D:13     | Noticed Rupert
 24743 | D:13     | Killed Rupert
 24753 | D:13     | Killed Frances
 25285 | D:14     | Found a shimmering altar of Xom.
 25286 | D:14     | Found a shimmering altar of Xom.
 25292 | D:14     | Reached skill level 17 in Shields
 25440 | D:14     | Reached XP level 16. HP: 146/151 MP: 14/14
 25694 | D:14     | Received a gift from Okawaru
 25971 | D:15     | Entered Level 15 of the Dungeon
 26211 | D:15     | Found a staircase to the Depths.
 26999 | Swamp:1  | Entered Level 1 of the Swamp
 27101 | Swamp:1  | Received a gift from Okawaru
 27164 | Swamp:1  | Noticed a thorn hunter
 27183 | Swamp:1  | Killed a thorn hunter
 27183 | Swamp:1  | Reached skill level 18 in Shields
 27441 | Swamp:1  | Reached skill level 15 in Armour
 28785 | Swamp:2  | Received a gift from Okawaru
 29291 | Swamp:3  | Reached XP level 17. HP: 159/161 MP: 15/15
 29897 | Swamp:4  | Entered Level 4 of the Swamp
 29947 | Swamp:4  | Received a gift from Okawaru
 30410 | Swamp:3  | Reached skill level 19 in Shields
 31100 | Swamp:4  | Received a gift from Okawaru
 31446 | Swamp:4  | Received a gift from Okawaru
 31458 | Swamp:4  | Got a decaying rune of Zot
 32693 | Spider:1 | Entered Level 1 of the Spider Nest
 34136 | Spider:2 | Received a gift from Okawaru
 34187 | Spider:2 | Received a gift from Okawaru
 34235 | Spider:2 | Reached skill level 20 in Shields
 34390 | Spider:2 | Received a gift from Okawaru
 34993 | Spider:3 | Reached XP level 18. HP: 172/172 MP: 16/16
 35221 | Spider:3 | Noticed Agnes
 35258 | Spider:2 | Killed Agnes
 35874 | Spider:4 | Entered Level 4 of the Spider Nest
 37096 | Spider:4 | Received a gift from Okawaru
 37517 | Spider:4 | Received a gift from Okawaru
 37576 | Spider:4 | Received a gift from Okawaru
 37660 | Spider:4 | Reached skill level 21 in Shields
 38077 | Spider:4 | Got a gossamer rune of Zot
 38536 | Elf:1    | Entered Level 1 of the Elven Halls
 38654 | Elf:1    | Found the +3 hat of Pondering {ponderous, MR+ MP+10 Int+5}
 38883 | Elf:1    | Received a gift from Okawaru
 39526 | Elf:1    | Reached XP level 19. HP: 170/181 MP: 17/17
 39557 | Elf:1    | Found Ejo Sior's Antique Weapon Emporium.
 40348 | Elf:1    | Received a gift from Okawaru
 40452 | Elf:2    | Found a frozen archway.
 40476 | Elf:2    | Received a gift from Okawaru
 40512 | IceCv    | Entered an ice cave
 40564 | IceCv    | HP: 9/182 [iron troll simulacrum (16)]
 40564 | IceCv    | Mangled by an iron troll simulacrum

Skill      XL: |  1  2  3  4  5  6  7  8  9 10 11 12 13 14 15 16 17 18 19 |
---------------+----------------------------------------------------------+-----
Armour         | 4 5 6 8 9 10 11 12 13 14 15 16 17 | 17.4
Fighting       | 4 5 6 7 9 10 12 13 14 15 17 18 19 | 19.0
Shields        | 4 5 6 7 8 9 11 12 13 15 17 18 20 21 | 21.7
Long Blades    | 3 4 5 7 9 11 12 14 15 16 17 18 19 20 | 20.6
Dodging        | 1 2 3 |  3.9
Evocations     | 1 |  1.6
Stealth        | 1 |  1.1
Crossbows      | 1 2 |  2.2
Invocations    | 1 |  1.5

Action                   |  1- 3 |  4- 6 |  7- 9 | 10-12 | 13-15 | 16-18 | 19-21 || total
-------------------------+-------+-------+-------+-------+-------+-------+-------++-------
Melee: Long sword        |    84 |   193 |   420 |       |    17 |       |       ||   714
       Headbutt          |    18 |    35 |   116 |   183 |   420 |   596 |    38 ||  1406
       Scimitar          |       |       |    59 |   178 |    15 |   168 |       ||   420
       Double sword      |       |       |       |   393 |  1056 |  1384 |   100 ||  2933
 Fire: Hand crossbow     |       |       |       |       |    17 |       |       ||    17
Invok: Heroism           |       |       |       |     1 |     3 |       |       ||     4
Evoke: Wand              |       |       |     3 |    11 |     4 |     6 |       ||    24
  Use: Potion            |     1 |       |     4 |     1 |     2 |     3 |       ||    11
       Scroll            |       |     4 |     7 |    21 |    10 |     8 |     1 ||    51
  Eat: Chunk             |       |     5 |    12 |    20 |    27 |    35 |     3 ||   102
       Ration            |       |       |     2 |     2 |     2 |     4 |       ||    10
Armor: Scale mail        |    62 |    46 |       |       |       |       |       ||   108
       Chain mail        |       |    27 |    99 |       |       |       |       ||   126
       Plate armour      |       |       |    70 |   287 |   108 |       |       ||   465
       Crystal plate arm |       |       |       |       |   452 |  1111 |    82 ||  1645
Dodge: Dodged            |    39 |    54 |    86 |   139 |   272 |   565 |    31 ||  1186
Block: Shield            |    64 |    98 |   217 |   390 |   886 |  1759 |   122 ||  3536
       Rpst.: Long sword |    14 |    18 |    27 |       |       |       |       ||    59
       Scimitar          |       |       |     2 |     9 |       |     7 |       ||    18
       Double sword      |       |       |       |    19 |    51 |    94 |     8 ||   172
